 Dungeon Crawl Stone Soup version 0.16.1-16-gc44b35d (webtiles) character file.

112 Inchmeat the Firebug (level 4, -10/33 HPs)
             Began as a Draconian Fire Elementalist on Apr 16, 2015.
             Killed from afar by Ijyb (21 damage)
             ... with a wand of cold
             ... on level 3 of the Dungeon.
             The game lasted 00:07:34 (2221 turns).

Inchmeat the Firebug (Draconian Fire Elementalist)  Turns: 2221, Time: 00:07:34

Health: -10/33     AC:  6    Str: 10    XL:     4   Next: 64%
Magic:  7/9        EV: 12    Int: 16    God:
Gold:   99         SH:  0    Dex: 12    Spells: 2 memorised, 5 levels left

rFire  . . .     SeeInvis .     j - +0 spear
rCold  . . .     Clarity  .     (armour unavailable)
rNeg   . . .     SustAb   .     (no shield)
rPois  .         Gourm    .     (helmet restricted)
rElec  .         Spirit   .     (no cloak)
rCorr  .         Warding  .     (no gloves)
rMut   .         Stasis   .     h - +0 pair of boots
MR     .....                    (no amulet)
Stlth  ++........               (no ring)
                                (no ring)

@: not resistant to hostile enchantments, unstealthy
A: unfitting armour, cold-blooded, AC +5
a: no special abilities


You were on level 3 of the Dungeon.
You were not hungry.

You visited 1 branch of the dungeon, and saw 3 of its levels.

You collected 99 gold pieces.

Inventory:

Hand weapons
 d - a +2 dagger of speed
 j - a +0 spear (weapon)
Armour
 h - a +0 pair of boots (worn)
Magical devices
 n - a wand of flame (12)
Scrolls
 e - a scroll of random uselessness {unknown}
 k - a scroll of fear {unknown}
 m - a scroll of remove curse {unknown}
Potions
 a - a potion of curing {unknown}
 g - a potion of degeneration {unknown}
 i - a potion of invisibility {unknown}
Books
 b - a book of Flames

   Spells                             Type                      Level
   a - Flame Tongue                   Conjuration/Fire             1
   b - Throw Flame                    Conjuration/Fire             2
   c - Conjure Flame                  Conjuration/Fire             3
   d - Inner Flame                    Hexes/Fire                   3
   e - Sticky Flame                   Conjuration/Fire             4
   f - Fireball                       Conjuration/Fire             5
 l - a book of Power

   Spells                             Type                      Level
   a - Fulminant Prism                Conjuration/Hexes            4
   b - Iskenderun's Mystic Blast      Conjuration                  4
   c - Venom Bolt                     Conjuration/Poison           5
   d - Bolt of Magma                  Conjuration/Fire/Earth       5
   e - Iron Shot                      Conjuration/Earth            6
   f - Orb of Destruction             Conjuration                  7
   g - Spellforged Servitor           Conjuration/Summoning        7
Comestibles
 c - 4 bread rations
 f - 2 slices of pizza


   Skills:
 - Level 0.4 Short Blades
 * Level 1.3 Polearms
 - Level 2.0 Dodging
 - Level 1.8 Stealth
 + Level 3.0 Spellcasting
 * Level 2.4 Conjurations
 - Level 3.4 Fire Magic


You had 5 spell levels left.
You knew the following spells:

 Your Spells              Type           Power        Failure   Level  Hunger
a - Flame Tongue          Conj/Fire      ##...        8%          1    #......
b - Conjure Flame         Conj/Fire      ##......     17%         3    ###....


Dungeon Overview and Level Annotations

Branches:
Dungeon (3/15)

Altars:

Annotations:
D:3 Ijyb, Natasha


Innate Abilities, Weirdness & Mutations

Your plain brown scales are hard (AC +5).
Your body does not fit into most forms of armour.
Your cold-blooded metabolism reacts poorly to cold.


Message History

Ijyb misses you.
You see here 4 gold pieces.
Ijyb closely misses you.
Ijyb zaps a wand.
The bolt of cold hits you!
It is a wand of cold.
Casting: Flame Tongue
Confirm with . or Enter, or press ? or * to list all spells.
Aiming: Flame Tongue
Press: ? - help, Shift-Dir - straight line, f - Ijyb
Aim: Ijyb, wielding a dagger of speed and carrying a wand of cold {zapped: 1} The flame tongue misses Ijyb.
Ijyb zaps a wand.
The bolt of cold hits you!
Casting: Flame Tongue
Confirm with . or Enter, or press ? or * to list all spells.
Aiming: Flame Tongue
Press: ? - help, Shift-Dir - straight line, f/p - Ijyb
Aim: Ijyb, wielding a dagger of speed and carrying a wand of cold {zapped: 2} The flame tongue hits Ijyb.
Ijyb is moderately wounded.
Ijyb zaps a wand.
The bolt of cold hits you!
Ouch! That really hurt!
You die...

### ..##... #.##...#
#.##...# #.##%#.#
#@##.#.# #.##.#.##
....####g##.#..#####
...h...h$...#......#
.....###.......# #
....#
######..###.#.# ..#
#....)...# ..#
#.#.##.### #.#
#.#..# #


You could see Ijyb and Natasha.

Vanquished Creatures
  A gnoll (D:1)
  4 adders (D:2)
  A worm (D:2)
  A giant gecko (D:2)
  4 ball pythons
  7 bats
  5 giant cockroaches
  6 goblins
  4 hobgoblins
  6 jackals (D:1)
  10 kobolds
  4 giant newts
  6 rats
59 creatures vanquished.

Vanquished Creatures (others)
  A jackal (D:1)
1 creature vanquished.

Grand Total: 60 creatures vanquished

Notes
Turn   | Place    | Note
--------------------------------------------------------------
     0 | D:1      | Inchmeat, the Draconian Fire Elementalist, began the quest for the Orb.
     0 | D:1      | Reached XP level 1. HP: 14/14 MP: 3/3
   254 | D:1      | Reached XP level 2. HP: 18/20 MP: 0/4
   774 | D:1      | Reached XP level 3. HP: 20/26 MP: 4/6
  1195 | D:1      | Learned a level 3 spell: Conjure Flame
  1356 | D:2      | Reached skill level 1 in Polearms
  1363 | D:2      | Reached XP level 4. HP: 31/33 MP: 8/8
  2214 | D:3      | Noticed Ijyb
  2216 | D:3      | Noticed Natasha
  2221 | D:3      | Killed from afar by Ijyb

Action                   |  1- 3 |  4- 6 || total
-------------------------+-------+-------++-------
Melee: Dagger            |    48 |       ||    48
       Unarmed           |     2 |       ||     2
       Spear             |    49 |    17 ||    66
 Cast: Flame Tongue      |    30 |    34 ||    64
 Stab: Sleeping          |     1 |       ||     1
  Eat: Chunk             |     2 |     3 ||     5
